 Dungeon Crawl Stone Soup version 0.18-a0-1764-gf4ddf0b (webtiles) character file.

179 M4edhros the Ducker (level 5, 0/54 HPs)
             Began as an Ogre Wanderer on Apr 13, 2016.
             Succumbed to a gnoll's poison
             ... on level 3 of the Dungeon.
             The game lasted 00:02:36 (2950 turns).

M4edhros the Ducker (Ogre Wanderer)                 Turns: 2950, Time: 00:02:37

Health: 0/54       AC:  3    Str: 24 (25) XL:     5   Next: 59%
Magic:  6/6        EV: 10    Int:  9 (12) God:
Gold:   38         SH:  0    Dex:  5 (8)  Spells: 0 memorised, 4 levels left

rFire  . . .     SeeInvis .     m - +0 short sword (freeze)
rCold  . . .     Gourm    .     e - +0 robe
rNeg   . . .     Faith    .     (no shield)
rPois  .         Spirit   .     (helmet restricted)
rElec  .         Dismiss  .     (no cloak)
rCorr  .         Reflect  .     (gloves unavailable)
SustAt .         Harm     .     (boots unavailable)
MR     .....     Clarity  +     (no amulet)
Stlth  +.........               (no ring)
                                (no ring)

@: mighty, lethally poisoned (0 -> -29), not resistant to hostile enchantments,
very unstealthy
A: unfitting armour, hooves 1, agile 1, clarity, tough skin 1
a: no special abilities


You were on level 3 of the Dungeon.
You were not hungry.

You visited 1 branch of the dungeon, and saw 3 of its levels.

You collected 38 gold pieces.

Inventory:

Hand Weapons
 a - a +2 mace
 b - a +0 hand crossbow
 f - a +0 dagger
 k - a +1 dagger of speed
 m - a +0 short sword of freezing (weapon)
Missiles
 c - 25 bolts
 o - 60 stones (quivered)
Armour
 e - a +0 robe (worn)
Scrolls
 d - a scroll of teleportation
 p - a scroll of immolation {unknown}
 q - a scroll of remove curse {unknown}
Comestibles
 g - 4 bread rations
 i - 3 chunks of flesh
 r - a meat ration


   Skills:
 - Level 4.0 Fighting
 - Level 2.6 Maces & Flails
 + Level 4.6 Dodging
 - Level 1.5 Stealth
 - Level 1.0 Unarmed Combat
   Level 1.5 Evocations


You had 4 spell levels left.
You didn't know any spells.

Dungeon Overview and Level Annotations

Branches:
Dungeon (3/15)

Altars:
Elyvilon


Innate Abilities, Weirdness & Mutations

You are too large for most types of armour.
You have tough skin (AC +1).
You have large cloven feet.
You are agile. (Dex +2)
You possess an exceptional clarity of mind.


Message History

The gnoll hits you with a spear of venom!
* * * LOW HITPOINT WARNING * * *
The gnoll closely misses you.
Drink which item? (? for menu, Esc to quit)
You feel very mighty all of a sudden.
* * * LOW HITPOINT WARNING * * *
You feel sick.
The gnoll hits you with a spear of venom.
* * * LOW HITPOINT WARNING * * *
You are more poisoned.
The gnoll closely misses you.
You hit the gnoll. You freeze the gnoll.
You kill the gnoll!
You feel your strength returning.
* * * LOW HITPOINT WARNING * * *
You feel very sick.
The gnoll hits you from afar with a halberd.
* * * LOW HITPOINT WARNING * * *
Unknown command.
You die...

...<.....#.)#.###.###.#.#
###......#..#.# #.# #)#.#
#.........#.# #.# #.#.#
#########.#.# #.###.#.#
#.....# #.##..#.#
#.#.#.###.##.##.#
#.#.......##.##.#
######.##########.##.#
.............)@gg#.##.#
######.#########.#.##.#
... #.##.# #### #.##.#
#.##.# #.##.# #....#
####.# ###


You could see 2 gnolls.

Vanquished Creatures
  Ijyb (D:2)
  A worker ant zombie (D:3)
  2 gnolls (D:3)
  4 adders (D:2)
  2 oozes (D:1)
  4 worms (D:2)
  3 dart slugs (D:1)
  3 giant geckos
  An orc (D:3)
  8 bats
  A giant cockroach (D:2)
  5 hobgoblins
  10 kobolds
  3 giant newts
  7 goblins
  8 rats
63 creatures vanquished.

Notes
Turn   | Place    | Note
--------------------------------------------------------------
     0 | D:1      | M4edhros the Ogre Wanderer began the quest for the Orb.
     0 | D:1      | M4edhros set off with: a +2 mace, a +0 hand crossbow, 25 bolts, a scroll of teleportation, a +0 robe, a +0 dagger, a bread ration
     0 | D:1      | Reached XP level 1. HP: 24/24 MP: 2/2
    22 | D:1      | Reached skill level 1 in Dodging
    90 | D:1      | Reached XP level 2. HP: 21/32 MP: 3/3
   511 | D:1      | Reached XP level 3. HP: 30/39 MP: 4/4
   963 | D:2      | Found a white marble altar of Elyvilon.
  1289 | D:2      | Reached XP level 4. HP: 46/48 MP: 5/5
  1445 | D:2      | Noticed Ijyb
  1473 | D:2      | Killed Ijyb
  1988 | D:2      | Reached XP level 5. HP: 39/54 MP: 6/6
  2402 | D:2      | Gained mutation: You have large cloven feet. [potion of beneficial mutation]
  2404 | D:2      | Gained mutation: You possess an exceptional clarity of mind. [potion of mutation]
  2404 | D:2      | Gained mutation: You are agile. (Dex +2) [potion of mutation]
  2950 | D:3      | Succumbed to a gnoll's poison

Vault maps used:
D:1:      evilmike_arrival_sounds_zot, minmay_misc_feat_plants,
          minmay_misc_feat_room
D:2:      lemuel_round_altar, first_bread, uniq_iyjb
D:3:      overflow_temple_1_default, lemuel_round_altar

Skill      XL: |  1  2  3  4 |
---------------+-------------+-----
Dodging        | 1 2 3 4 |  4.6
Fighting       | |  4.0
Maces & Flails | |  2.6
Stealth        | |  1.5
Unarmed Combat | |  1.0
Evocations     | |  1.5

Action                   |  1- 3 |  4- 6 || total
-------------------------+-------+-------++-------
Melee: Mace              |   113 |    10 ||   123
       Short sword       |       |   152 ||   152
       Kick              |       |    11 ||    11
       Punch             |       |     1 ||     1
  Use: Potion            |       |     6 ||     6
 Stab: Distracted        |     1 |     1 ||     2
       Sleeping          |     1 |       ||     1
  Eat: Chunk             |     1 |     6 ||     7
Armor: Robe              |    52 |    46 ||    98
Dodge: Dodged            |    81 |   109 ||   190
